 Dungeon Crawl Stone Soup version 0.18.1-5-g4a78601 (webtiles) character file.

385 TheHangedMan the Conjurer (level 6, 0/36 HPs)
             Began as a High Elf Wizard on May 11, 2016.
             Slain by an orc priest (2 damage)
             ... on level 4 of the Dungeon.
             The game lasted 00:15:33 (3665 turns).

TheHangedMan the Conjurer (High Elf Wizard)         Turns: 3665, Time: 00:15:34

Health: 0/36       AC:  3    Str:  6    XL:     6   Next: 48%
Magic:  0/12       EV: 12    Int: 24    God:
Gold:   246        SH:  0    Dex: 14    Spells: 4 memorised, 3 levels left

rFire  . . .     SeeInvis .     k - +1 short sword (holy)
rCold  . . .     Gourm    .     a - +0 robe
rNeg   . . .     Faith    .     (no shield)
rPois  .         Spirit   .     b - +0 hat
rElec  .         Dismiss  .     e - +0 cloak
rCorr  .         Reflect  .     (no gloves)
SustAt .         Harm     .     (no boots)
MR     .....                    (no amulet)
Stlth  ++........               n - -4 ring of protection (curse)
                                l - +4 ring of protection

@: not resistant to hostile enchantments, unstealthy
A: no striking features
a: no special abilities


You were on level 4 of the Dungeon.
You were hungry.

You visited 1 branch of the dungeon, and saw 4 of its levels.

You collected 246 gold pieces.

Inventory:

Hand Weapons
 k - a +1 short sword of holy wrath (weapon)
Armour
 a - a +0 robe (worn)
 b - a +0 hat (worn)
 e - a +0 cloak (worn)
 y - a +3 leather armour
Jewellery
 l - a +4 ring of protection (left hand)
 n - a cursed -4 ring of protection (right hand)
Scrolls
 g - a scroll of fog {unknown}
 j - a scroll of amnesia {unknown}
 o - a scroll of remove curse {unknown}
 p - 2 scrolls of identify {unknown}
 r - 2 scrolls of enchant armour {unknown}
 s - 2 scrolls of recharging {unknown}
 t - a scroll of random uselessness {unknown}
Potions
 f - a potion of berserk rage {unknown}
 h - 3 potions of agility {unknown}
 i - 2 potions of invisibility
 m - 2 potions of heal wounds
 q - a potion of curing {unknown}
 w - a potion of beneficial mutation {unknown}
 x - a potion of flight {unknown}
 z - a potion of cure mutation {unknown}
 B - a potion of degeneration {unknown}
Books
 c - a book of Minor Magic

   Spells                             Type                      Level
   a - Magic Dart                     Conjuration                  1
   b - Blink                          Translocation                2
   c - Call Imp                       Summoning                    2
   d - Repel Missiles                 Charms/Air                   2
   e - Slow                           Hexes                        2
   f - Conjure Flame                  Conjuration/Fire             3
   g - Mephitic Cloud                 Conjuration/Poison/Air       3
Comestibles
 d - 3 bread rations
 u - 2 fruits
 v - 4 meat rations
 A - 2 beef jerkies


   Skills:
 - Level 2.1 Dodging
 - Level 2.1 Stealth
 - Level 3.6 Spellcasting
 + Level 7.4 Conjurations
   Level 0.8 Summonings
 - Level 1.1 Translocations


You had 3 spell levels left.
You knew the following spells:

 Your Spells              Type           Power        Failure   Level  Hunger
a - Magic Dart            Conj           ####         1%          1    None
b - Blink                 Tloc           N/A          12%         2    #......
c - Conjure Flame         Conj/Fire      ###.....     10%         3    ###....
d - Mephitic Cloud        Conj/Pois/Air  ###.....     14%         3    ###....


Dungeon Overview and Level Annotations

Branches:
Dungeon (4/15)
 Temple: D:4-7

Altars:
Ashenzari
Gozag
Ru
Vehumet
The Shining One


Message History

The orc priest is severely wounded.
The orc priest looks braver for a moment.
You hit the orc priest.
The orc priest is almost dead.
The orc priest barely misses you.
Casting: Magic Dart
Confirm with . or Enter, or press ? or * to list all spells.
Aiming: Magic Dart
Press: ? - help, Shift-Dir - straight line, f/p - orc priest
Aim: an orc priest, wearing a leather armour (almost dead)
The magic dart hits the orc priest.
The orc priest is almost dead.
The orc priest misses you.
You barely miss the orc priest.
The orc priest is almost dead.
The orc priest misses you.
You barely miss the orc priest.
The orc priest is almost dead.
The orc priest hits you.
You die...

### ..# #.# #.# #.#
#.# ######.######## #
#.†o@.........#######
#.####.######........
#.. #.# #..######
.... ..# #..# # ###..
#### #..# # ##. #..#
# #. #..# # #. #..# .
#..# #


You could see an orc priest.

Vanquished Creatures
  A phantom (D:3)
  A scorpion (D:4)
  The ghost of Charly the Grave Robber, a weakling NaNe (D:3)
  A giant frog skeleton (D:4)
  An orc wizard (D:4)
  A hound skeleton (D:4)
  2 gnolls (D:1)
  3 adders
  An ooze (D:2)
  6 worms
  A dart slug (D:3)
  5 giant geckos
  2 orcs
  2 ball pythons
  6 giant cockroaches
  8 goblins
  5 hobgoblins
  A quokka (D:3)
  9 bats
  4 giant newts
  3 kobolds
  A quokka skeleton (D:4)
  12 rats
77 creatures vanquished.

Notes
Turn   | Place    | Note
--------------------------------------------------------------
     0 | D:1      | TheHangedMan the High Elf Wizard began the quest for the Orb.
     0 | D:1      | Reached XP level 1. HP: 11/11 MP: 6/6
   183 | D:1      | Reached skill level 2 in Conjurations
   425 | D:1      | Reached XP level 2. HP: 17/17 MP: 4/7
   752 | D:1      | Reached skill level 3 in Conjurations
   957 | D:1      | Reached XP level 3. HP: 21/21 MP: 6/9
  1272 | D:2      | Learned a level 2 spell: Blink
  1276 | D:2      | Learned a level 3 spell: Conjure Flame
  1280 | D:2      | Learned a level 3 spell: Mephitic Cloud
  1354 | D:2      | Reached skill level 4 in Conjurations
  1585 | D:2      | Reached XP level 4. HP: 27/27 MP: 8/10
  1588 | D:2      | Found a shattered altar of Ashenzari.
  1994 | D:3      | Noticed a phantom
  2010 | D:3      | Killed a phantom
  2010 | D:3      | Reached skill level 5 in Conjurations
  2010 | D:3      | Reached XP level 5. HP: 16/31 MP: 0/11
  2404 | D:3      | Found a glowing golden altar of the Shining One.
  2638 | D:3      | Noticed Charly's ghost (weakling NaNe)
  2673 | D:3      | Killed Charly's ghost
  2673 | D:3      | Reached skill level 6 in Conjurations
  2864 | D:3      | Found a sacrificial altar of Ru.
  2876 | D:3      | Found an opulent altar of Gozag.
  3297 | D:4      | Reached XP level 6. HP: 35/36 MP: 5/12
  3340 | D:3      | Found a radiant altar of Vehumet.
  3425 | D:4      | Found an opulent altar of Gozag.
  3438 | D:4      | Reached skill level 7 in Conjurations
  3659 | D:4      | HP: 1/36 [orc priest/divine providence (12)]
  3665 | D:4      | Slain by an orc priest

Skill      XL: |  1  2  3  4  5  6 |
---------------+-------------------+-----
Conjurations   | 2 3 4 5 6 7 |  7.4
Dodging        | |  2.1
Stealth        | |  2.1
Spellcasting   | |  3.6
Summonings     | |  0.8
Translocations | |  1.1

Action                   |  1- 3 |  4- 6 || total
-------------------------+-------+-------++-------
Melee: Unarmed           |     3 |       ||     3
       Short sword       |       |    31 ||    31
 Cast: Magic Dart        |    86 |   142 ||   228
       Conjure Flame     |       |     2 ||     2
  Use: Potion            |       |     2 ||     2
  Eat: Chunk             |     2 |     6 ||     8
Armor: Robe              |    10 |     9 ||    19
Dodge: Dodged            |    36 |    44 ||    80
